 Dungeon Crawl Stone Soup version 0.27.1 (webtiles) character file.

Game seed: 17989928372828813479

1012 pkoi the Grappler (level 8, -1/74 HPs)
             Began as a Troll Berserker on Aug 24, 2021.
             Was a Priest of Trog.
             Killed from afar by a white imp (8 damage)
             ... with a puff of frost
             ... on level 5 of the Dungeon.
             The game lasted 00:03:55 (2968 turns).

pkoi the Grappler (Troll Berserker)                 Turns: 2968, Time: 00:03:56

Health: -1/74      AC:  5    Str: 28    XL:     8   Next: 1%
Magic:  16/16      EV: 10    Int:  3    God:    Trog [***...]
Gold:   181        SH:  0    Dex:  9    Spells: 7/7 levels left

rFire    . . .     SeeInvis .     - Unarmed
rCold    . . .     Faith    .   (no shield)
rNeg     . . .     Spirit   .   m - +1 robe {rPois}
rPois    +         Reflect  .   (helmet restricted)
rElec    .         Harm     .   (no cloak)
rCorr    .         Rampage  .   (gloves unavailable)
Will     .....                  (boots unavailable)
Stlth    +.........             (no amulet)
HPRegen  1.22/turn              b - ring of magical power
MPRegen  0.15/turn              (no ring)

@: on berserk cooldown, slowed, very slow
A: large, unfitting armour, claws 3, regeneration 1, shaggy fur 1, tough skin 1
a: Renounce Religion, Berserk, Trog's Hand


You were on level 5 of the Dungeon.
You worshipped Trog.
Trog was most pleased with you.
You visited 2 branches of the dungeon, and saw 7 of its levels.

You collected 311 gold pieces.
You spent 130 gold pieces at shops.

Inventory:

Missiles
 n - 2 curare-tipped darts (quivered)
 p - 4 silver javelins
Armour
 m - a +1 robe of poison resistance (worn)
Jewellery
 b - a ring of magical power (left claw)
Wands
 a - a wand of flame (13)
 c - a wand of iceblast (8)
 i - a wand of polymorph (8)
Scrolls
 j - a scroll of magic mapping
 k - 2 scrolls of teleportation
Potions
 d - a potion of cancellation
 e - 2 potions of flight
 f - a potion of might
 g - a potion of invisibility
 h - a potion of ambrosia
 l - a potion of resistance
 o - a potion of attraction {unknown}


   Skills:
 - Level 2.4 Fighting
 - Level 2.4 Dodging
 + Level 9.8 Unarmed Combat


You had 7 spell levels left.
You didn't know any spells.
Your spell library was empty.

Dungeon Overview and Level Annotations

Branches:
Dungeon (6/15)             Temple (1/1) D:4

Altars:
Ashenzari
Cheibriados
Dithmenos
Elyvilon
Fedhas
Gozag
Hepliaklqana
Kikubaaqudgha
Makhleb
Nemelex Xobeh
Ru
Sif Muna
Trog
Vehumet
Wu Jian
Xom
Zin
The Shining One

Shops:
D:4 *

Annotations:
D:5 Eustachio


Innate Abilities, Weirdness & Mutations

You are too large for most types of armour.
You have claws for hands.
Your natural rate of healing is unusually fast.
You are covered in fur. (AC +1)
You have tough skin. (AC +1)


Message History

The river rat disappears in a puff of smoke!
The bat closely misses you. The bat barely misses you.
Eustachio casts a spell.
Eustachio blinks!
The shadow imp hits you but does no damage.
You claw the white imp!
The white imp is severely wounded.
The bat hits you but does no damage. x2; The bat misses you.
The shadow imp hits you but does no damage.
The bat barely misses you. The white imp hits you.
* * * LOW HITPOINT WARNING * * *
The white imp freezes you.
* * * LOW HITPOINT WARNING * * *
You barely miss the white imp.
The white imp is severely wounded.
The bat completely misses you. The bat barely misses you.
Eustachio mumbles some strange words.
Eustachio blinks!
The bat hits you.
* * * LOW HITPOINT WARNING * * *
The shadow imp grinds its teeth.
The shadow imp hits you.
* * * LOW HITPOINT WARNING * * *
The crimson imp blinks!
The bat closely misses you. The shadow imp misses you.
The white imp laughs crazily.
The white imp gestures at you. The puff of frost hits you.
* * * LOW HITPOINT WARNING * * *
You claw the bat!
You kill the bat!
The bat's corpse disappears in a puff of smoke!
The bat hits you but does no damage. x2
The white imp gestures at you. The puff of frost hits you.
* * * LOW HITPOINT WARNING * * *
The bat misses you. The shadow imp closely misses you.
Eustachio gestures wildly while chanting.
Eustachio blinks!
The white imp gestures at you. The puff of frost hits you!
You die...

.....#.##.# #.# #.#
....##.##.######.# #.#
....##.##...)....###.#
....##.########......#
....##.# #.########
....##.########.........
....# .........5#######
.#### #######.5.#r. .
.#######r5@#!#
.........bb#.#
.##.#####..#.##
.......ยง5...#
#........#### ...#......
## #.###.## ... ..# ###
###


You could see a crimson imp (summoned), a river rat (summoned), 2 white imps, a
shadow imp (summoned) and 2 bats.

Vanquished Creatures
  Pikel (D:6)
  2 water moccasins (D:4)
  A bullfrog skeleton (D:4)
  A gnoll shaman (D:5)
  Ijyb (D:3)
  7 adders
  6 gnolls
  A howler monkey skeleton (D:3)
  A shadow imp (D:5)
  A white imp (D:4)
  An adder zombie (D:3)
  An adder skeleton (D:4)
  3 worms (D:2)
  3 dart slugs
  3 orcs (D:3)
  10 endoplasms
  11 goblins
  4 hobgoblins
  16 jackals
  9 kobolds
  2 quokkas
  3 ball pythons
  8 bats
  3 rats (D:1)
  A spectral hobgoblin (D:1)
100 creatures vanquished.

Notes
Turn   | Place    | Note
-------+----------+-------------------------------------------
     0 | D:1      | pkoi the Troll Berserker began the quest for the Orb.
     0 | D:1      | Reached XP level 1. HP: 22/22 MP: 0/0
   190 | D:1      | Reached XP level 2. HP: 22/29 MP: 1/1
   309 | D:1      | Found a faded altar of an unknown god.
   588 | D:2      | Reached skill level 4 in Unarmed Combat
   588 | D:2      | Reached XP level 3. HP: 33/36 MP: 2/2
   634 | D:2      | Reached ** piety under Trog
   757 | D:2      | Reached XP level 4. HP: 40/44 MP: 3/3
   817 | D:2      | Reached skill level 5 in Unarmed Combat
  1278 | D:3      | Noticed Ijyb
  1286 | D:3      | Killed Ijyb
  1443 | D:3      | Found a sacrificial altar of Ru.
  1443 | D:3      | Found an ancient bone altar of Kikubaaqudgha.
  1735 | D:3      | Reached XP level 5. HP: 50/50 MP: 4/4
  1851 | D:4      | Reached skill level 6 in Unarmed Combat
  1961 | D:4      | Reached *** piety under Trog
  2053 | D:4      | Found a staircase to the Ecumenical Temple.
  2080 | Temple   | Entered the Ecumenical Temple
  2485 | D:4      | Found Opanugyo's Serpentskin Sales.
  2485 | D:4      | Noticed a water moccasin
  2485 | D:4      | Noticed a water moccasin
  2494 | D:4      | Killed a water moccasin
  2495 | D:4      | Reached skill level 7 in Unarmed Combat
  2495 | D:4      | Reached XP level 6. HP: 16/59 MP: 5/5
  2498 | D:4      | Killed a water moccasin
  2498 | D:4      | HP: 3/88 [poisoned by a water moccasin]
  2503 | D:4      | HP: 2/59 [poisoned by a water moccasin]
  2543 | D:4      | Bought a +1 robe of poison resistance for 116 gold pieces
  2543 | D:4      | Bought 2 curare-tipped darts for 14 gold pieces
  2624 | D:5      | Entered Level 5 of the Dungeon
  2630 | D:5      | Reached skill level 8 in Unarmed Combat
  2630 | D:5      | Reached XP level 7. HP: 60/66 MP: 6/6
  2859 | D:5      | You fall into a shaft and drop 1 floor!
  2859 | D:6      | Noticed Pikel
  2871 | D:6      | Killed Pikel
  2872 | D:6      | Reached skill level 9 in Unarmed Combat
  2872 | D:6      | Reached XP level 8. HP: 74/74 MP: 7/7
  2947 | D:5      | Noticed Eustachio
  2968 | D:5      | Killed from afar by a white imp

Illustrated notes

Levels and vault maps discovered:
D:1:      dpeg_arrival_rooms_c, layout_basic,
          dreamdust_ecumenical_altar_drowned_temple
D:2:      layout_basic
D:3:      kennysheep_goblin_castle, layout_loops_ring,
          gammafunk_temple_overflow_elements
D:4:      layout_cave_pools, minmay_temple_entry_slanted, guppyfry_shop_venom
D:5:      layout_basic, minmay_misc_feat_cross, uniq_eustachio, uniq_ijyb,
          uniq_blork_the_orc
D:6:      layout_cave_pools, uniq_pikel
Temple:   compressed_dpeg_circular_temple

Skill      XL: |  1  2  3  4  5  6  7 |
---------------+----------------------+-----
Unarmed Combat | 4 5 7 8 9 |  9.8
Fighting       | |  2.4
Dodging        | |  2.4

Action                   |  1- 3 |  4- 6 |  7- 9 || total
-------------------------+-------+-------+-------++-------
Melee: Unarmed           |   113 |   123 |    29 ||   265
       Punch             |       |     1 |       ||     1
Invok: Berserk           |       |     3 |     3 ||     6
  Use: Scroll            |       |     7 |       ||     7
       Potion            |       |     5 |     1 ||     6
Armor: Animal skin       |    40 |    37 |       ||    77
       Robe              |       |       |    24 ||    24
Dodge: Dodged            |    53 |    82 |    29 ||   164
